 Dungeon Crawl Stone Soup version 0.16.2-12-gd0ad4c3 (webtiles) character file.

638 Kira the Covert (level 7, -6/33 HPs)
             Began as a Spriggan Enchanter on Oct 20, 2015.
             Was an Initiate of Nemelex Xobeh.
             Mangled by a mummy (16 damage)
             ... in an ossuary.
             The game lasted 00:23:39 (4636 turns).

Kira the Covert (Spriggan Enchanter)                Turns: 4636, Time: 00:23:39

Health: -6/33      AC:  4    Str:  4    XL:     7   Next: 25%
Magic:  2/21       EV: 21    Int: 18    God:    Nemelex Xobeh [......]
Gold:   253        SH:  0    Dex: 17    Spells: 4 memorised, 6 levels left

rFire  . . .     SeeInvis +     i - +2 dagger (venom)
rCold  . . .     Clarity  .     b - +1 robe
rNeg   . . .     SustAb   .     (shield restricted)
rPois  .         Gourm    .     (helmet restricted)
rElec  .         Spirit   .     x - +0 cloak (curse)
rCorr  .         Warding  .     (gloves unavailable)
rMut   .         Stasis   .     (boots unavailable)
MR     +....                    (no amulet)
Stlth  ++++++....               n - ring of stealth
                                l - ring of flight (curse)

@: very slightly contaminated, very quick, somewhat resistant to hostile
enchantments, very stealthy
A: unfitting armour, see invisible, herbivore 3, speed 3, slow metabolism 2
a: Renounce Religion, Evoke Flight


You were in an ossuary.
You worshipped Nemelex Xobeh.
Nemelex Xobeh was noncommittal.
You were not hungry.

You visited 2 branches of the dungeon, and saw 6 of its levels.
You also visited: Ossuary.

You collected 253 gold pieces.

Inventory:

Hand weapons
 a - a +1 dagger
 i - a +2 dagger of venom (weapon)
Armour
 b - a +1 robe (worn)
 x - a cursed +0 cloak (worn)
Jewellery
 j - an uncursed amulet of regeneration
 k - an uncursed ring of teleport control
 l - a cursed ring of flight (left hand)
 n - a ring of stealth (right hand)
 w - an uncursed ring of loudness
 y - a cursed -3 ring of evasion {unknown}
Magical devices
 z - a wand of magic darts (25)
Scrolls
 f - 2 scrolls of remove curse
 g - 4 scrolls of identify
 u - 2 scrolls of enchant armour
 C - a scroll of teleportation
 D - a scroll of blinking {unknown}
Potions
 e - a potion of cancellation {unknown}
 h - 2 potions of brilliance
 m - a potion of might {unknown}
 o - a potion of restore abilities {unknown}
 p - a potion of agility {unknown}
 q - 3 potions of curing {unknown}
 r - a potion of haste {unknown}
 s - a potion of lignification {unknown}
 v - 2 potions of invisibility {unknown}
 A - a potion of berserk rage {unknown}
Books
 c - a book of Maledictions

   Spells                             Type                      Level
   a - Corona                         Hexes                        1
   b - Sure Blade                     Hexes/Charms                 2
   c - Ensorcelled Hibernation        Hexes/Ice                    2
   d - Confuse                        Hexes                        3
   e - Dazzling Spray                 Conjuration/Hexes            3
   f - Enslavement                    Hexes                        4
Miscellaneous
 B - an ornate deck of destruction
Comestibles
 d - 4 bread rations
 t - 3 fruits


   Skills:
 + Level 1.2 Fighting
 + Level 2.3 Short Blades
 + Level 5.8 Dodging
 + Level 9.1 Stealth
 + Level 4.2 Spellcasting
 + Level 4.8 Hexes
 - Level 0.2 Ice Magic


You had 6 spell levels left.
You knew the following spells:

 Your Spells              Type           Power        Failure   Level  Hunger
a - Corona                Hex            ###....      1%          1    None
b - Ensorcelled Hibernat  Hex/Ice        ##....       10%         2    ##.....
c - Confuse               Hex            ###.....     10%         3    ###....
d - Sure Blade            Hex/Chrm       ##........   12%         2    ##.....


Dungeon Overview and Level Annotations

Branches:
Dungeon (5/15)             Temple (1/1) D:4

Altars:
Ashenzari
Cheibriados
Dithmenos
Elyvilon
Makhleb
Nemelex Xobeh
Okawaru
Qazlal
Ru
Sif Muna
Trog
Vehumet
Xom
Zin


Innate Abilities, Weirdness & Mutations

You are tiny and cannot use many weapons and most armour.
You have supernaturally acute eyesight.
You are a herbivore.
You cover ground extremely quickly.
You need consume almost no food.


Message History

The mummy is outlined in light.
You hit the mummy.
The mummy is lightly damaged.
The mummy closely misses you.
You completely miss the mummy.
The mummy is lightly damaged.
You hit the mummy.
The mummy is lightly damaged.
The mummy closely misses you.
You hit the mummy.
The mummy is lightly damaged.
You hit the mummy.
The mummy is moderately damaged.
The mummy hits you!
Ouch! That really hurt!
You hit the mummy.
The mummy is severely damaged.
The elf zombie hits the human zombie.
The mummy hits you!
You die...
Your body disappears without a glow.

..... ... #.# #'# #####
###.### ##### ##...##
##.....## ##...## #.....#
#.......# #.....#
#.....###...∩...###Z....##
.......'...∩∩∩..@M.......#
#.....###...∩...###....Z##
#.....# #.......# #....Z#
##...## ##.....## ##...##
##### ###.### ##### #+#


You could see a mummy, 2 elf zombies and a human zombie (confused).

Vanquished Creatures
  A water moccasin (D:5)
  An elf zombie (Ossuary)
  A centaur skeleton (D:4)
  2 human zombies (Ossuary)
  An orc priest (D:5)
  2 centaur zombies (Ossuary)
  2 orc wizards (D:5)
  A worker ant (D:5)
  Ijyb (D:5)
  A hound zombie (D:5)
  A mummy (Ossuary)
  4 adders
  A shadow imp (D:5)
  3 worms
  An adder zombie (D:5)
  3 giant geckos
  4 orcs
  12 bats
  A giant cockroach (D:4)
  5 hobgoblins
  13 jackals
  An ooze (D:1)
  A quokka (D:5)
  A ball python (D:3)
  3 giant newts
  8 goblins
  9 kobolds
  6 rats
90 creatures vanquished.

Vanquished Creatures (others)
  A rat (D:4)
1 creature vanquished.

Grand Total: 91 creatures vanquished

Notes
Turn   | Place    | Note
--------------------------------------------------------------
     0 | D:1      | Kira, the Spriggan Enchanter, began the quest for the Orb.
     0 | D:1      | Reached XP level 1. HP: 9/9 MP: 4/4
   189 | D:1      | Reached skill level 5 in Stealth
   189 | D:1      | Reached XP level 2. HP: 7/13 MP: 7/7
   224 | D:2      | Learned a level 2 spell: Ensorcelled Hibernation
   676 | D:2      | Found a shattered altar of Ashenzari.
   685 | D:2      | Reached XP level 3. HP: 13/16 MP: 11/11
  1367 | D:3      | Reached XP level 4. HP: 21/21 MP: 13/13
  1776 | D:3      | Found a snail-covered altar of Cheibriados.
  1779 | D:3      | Found a glowing silver altar of Zin.
  1782 | D:3      | Found a deep blue altar of Sif Muna.
  1861 | D:3      | Reached skill level 6 in Stealth
  2506 | D:4      | Reached XP level 5. HP: 9/24 MP: 14/16
  2512 | D:4      | Learned a level 3 spell: Confuse
  2515 | D:4      | Learned a level 2 spell: Sure Blade
  2531 | D:4      | Found a staircase to the Ecumenical Temple.
  2540 | Temple   | Entered the Ecumenical Temple
  3036 | D:4      | Found a white marble altar of Elyvilon.
  3278 | D:5      | Entered Level 5 of the Dungeon
  3313 | D:5      | Reached skill level 7 in Stealth
  3314 | D:5      | Reached skill level 5 in Dodging
  3413 | D:5      | Noticed a water moccasin
  3419 | D:5      | Killed a water moccasin
  3419 | D:5      | Reached skill level 8 in Stealth
  3419 | D:5      | Reached XP level 6. HP: 29/29 MP: 12/18
  3572 | D:5      | Noticed Ijyb
  3577 | D:5      | Killed Ijyb
  3691 | D:5      | Found a sand-covered staircase.
  3857 | D:5      | Found an iron altar of Okawaru.
  3858 | D:5      | Found a sparkling altar of Nemelex Xobeh.
  3864 | D:5      | Became a worshipper of Nemelex Xobeh the Trickster
  3958 | D:5      | Received a gift from Nemelex Xobeh
  4332 | Ossuary  | Entered an ossuary
  4382 | Ossuary  | Reached skill level 1 in Fighting
  4382 | Ossuary  | Reached skill level 9 in Stealth
  4382 | Ossuary  | Reached XP level 7. HP: 16/33 MP: 13/21
  4636 | Ossuary  | Mangled by a mummy

Action                   |  1- 3 |  4- 6 |  7- 9 || total
-------------------------+-------+-------+-------++-------
Melee: Dagger            |    68 |   145 |    36 ||   249
 Cast: Ensorcelled Hiber |     8 |    15 |       ||    23
       Corona            |       |     2 |     2 ||     4
       Confuse           |       |     3 |     9 ||    12
  Use: Scroll            |       |     9 |       ||     9
 Stab: Sleeping          |    20 |    29 |     2 ||    51
       Distracted        |       |     1 |       ||     1
       Confused          |       |       |     1 ||     1
  Eat: Pizza             |       |     2 |       ||     2
